 Dungeon Crawl Stone Soup version 0.32-a0-779-g362cfcae2a (webtiles) character file.

Game seed: 6729020677236180588

60 Drazool the Magician (level 3, 0/24 HPs)
             Began as a Mummy Summoner on Mar 19, 2024.
             Slain by a water moccasin (1 damage)
             ... on level 3 of the Dungeon.
             The game lasted 00:07:39 (2425 turns).

Drazool the Magician (Mummy Summoner)               Turns: 2425, Time: 00:07:40

Health: 0/24       AC:  2    Str: 11    XL:     3   Next: 80%
Magic:  2/8        EV: 11    Int: 16    God:
Gold:   129        SH:  0    Dex: 12    Spells: 4/10 levels left

rFire   x . .        f - +0 hand axe (venom)
rCold   + . .        (no shield)
rNeg    + + +        a - +0 robe
rPois   ∞            (no helmet)
rElec   .            (no cloak)
rCorr   +            (no gloves)
SInv    .            (no boots)
Will    .....        (no amulet)
Stlth   ++           R - ring of resist corrosion
HPRegen 0.24/turn    (no ring)
MPRegen 0.11/turn

%: faith
@: inugami summoned
A: cold resistance 1, negative energy resistance 3, torment resistance 2, heat
vulnerability 1, in touch with death 1, no potions, faith
a: no special abilities


You were on level 3 of the Dungeon.
You visited 1 branch of the dungeon, and saw 3 of its levels.

You collected 129 gold pieces.


Innate Abilities, Weirdness & Mutations

You are immune to poison.
Your flesh is cold resistant. (rC+)
You are immune to negative energy. (rN+++)
You are immune to unholy pain and torment.
You are vulnerable to heat. (rF-)
You are in touch with the powers of death.
You do not drink.
You have a special connection with the divine. (Faith)


   Skills:
 - Level 1.5 Dodging
 - Level 1.5 Stealth
 + Level 4.1 Spellcasting
 - Level 4.0 Summonings


You had 4 spell levels left.
You knew the following spells:

 Your Spells              Type           Power      Damage    Failure   Level
c - Call Imp              Summ           32%        N/A       4%          2
f - Call Canine Familiar  Summ           16%        N/A       10%         3
z - Summon Small Mammal   Summ           64%        N/A       3%          1

Your spell library contained the following spells:

 Spells                   Type           Power      Damage    Failure   Level
 Kiss of Death            Conj/Necr      16%        2d6       17%         1
 Confusing Touch          Hex            3%         N/A       45%         3
 Fugue of the Fallen      Necr           4%         N/A       45%         3
 Ozocubu's Armour         Ice            3%         N/A       45%         3
 Summon Blazeheart Golem  Fire/Summ      9%         N/A       58%         4
 Summon Lightning Spire   Summ/Air       9%         N/A       58%         4
 Dispel Undead            Necr           4%         3d7       86%         4
 Manifold Assault         Tloc           3%         N/A       86%         4

Inventory:

Hand Weapons
 f - a +0 hand axe of venom (weapon)
Armour
 a - a +0 robe (worn)
 h - the +5 ring mail "Geptosu" {rPois rF+ Str+3}
   (You found it on level 3 of the Dungeon)

   Str+3:     It affects your strength (+3).
   rF+:       It protects you from fire.
   rPois:     It protects you from poison.
Jewellery
 R - a ring of resist corrosion (left hand)
Scrolls
 b - a scroll of poison {unknown}
 c - a scroll of teleportation {unknown}
 d - a scroll of noise
 e - a scroll of amnesia
 g - 2 scrolls of identify {unknown}

Dungeon Overview and Level Annotations

Branches:
Dungeon (3/15)

Altars:

Shops:
D:2

! ##.###...........#
#..# ###.........#
#.## #.........#
.w######.........#
.................#
########....hw...#
#.....5...#
#.........#
#.......S@##
##############..###
##...>.............#
##..###...###...###)#
...## ##..# #...# #.#
..## #..###...###.#
...# #............##
##..# ##............#
#.# #............#


You could see a water moccasin (poisoned), a ribbon worm (ally target), a
friendly cerulean imp (summoned) and a friendly inugami (summoned).


Message History

* * * LOW HITPOINT WARNING * * *
Your cerulean imp closely misses the water moccasin.
The water moccasin closely misses your cerulean imp.
Unknown command.
You aren't carrying any items that you can evoke.
You can't drink.
As you read the scroll labelled ARYGARIO LAIS, it crumbles to dust.
You hear a loud clanging noise!
It was a scroll of noise.
Your inugami hits the ribbon worm.
The ribbon worm barely misses your inugami.
The water moccasin bites you.
* * * LOW HITPOINT WARNING * * *
You miss the water moccasin.
The water moccasin is moderately wounded.
The water moccasin closely misses you.
Your cerulean imp hits the ribbon worm from afar with a -3 spear.
Your inugami hits the ribbon worm. The water moccasin barely misses you.
Your cerulean imp hits the ribbon worm but does no damage.
Unknown command.
You closely miss the water moccasin.
The water moccasin is moderately wounded.
Your inugami hits the ribbon worm. The water moccasin bites you!
* * * LOW HITPOINT WARNING * * *
Your cerulean imp hits the ribbon worm but does no damage.
Your inugami hits the ribbon worm.
Unknown command.
You closely miss the water moccasin.
The water moccasin is moderately wounded.
The water moccasin barely misses you. The water moccasin bites you.
You die...

Skill      XL: |  1  2  3 |
---------------+----------+-----
Spellcasting   | 3 4 |  4.1
Summonings     | 4 |  4.0
Dodging        | |  1.5
Stealth        | |  1.5

Action                     || total
---------------------------++-------
  Melee: Hand axe          ||    58
         Unarmed           ||     1
   Cast: Summon Small Mamm ||    45
         Call Imp          ||     8
         Call Canine Famil ||     6
    Use: Scroll            ||     2
   Stab: Sleeping          ||     1
 Armour: Robe              ||    48
  Dodge: Dodged            ||    43

Levels and vault maps discovered:
D:1:      arrival_zaba_pyramid, layout_basic
D:2:      layout_loops_ring, serial_shops, shop
D:3:      minmay_skewed_foursquare, layout_rooms, minmay_misc_feat_cross

Notes
Turn   | Place    | Note
-------+----------+-------------------------------------------
     0 | D:1      | Drazool the Mummy Summoner began the quest for the Orb.
     0 | D:1      | Reached XP level 1. HP: 13/13 MP: 4/4
   198 | D:1      | Reached skill level 3 in Spellcasting
   414 | D:1      | Reached XP level 2. HP: 19/19 MP: 2/6
   417 | D:1      | Learned a level 2 spell: Call Imp
   975 | D:2      | Found Tumni's Distillery.
  1241 | D:2      | Reached skill level 4 in Spellcasting
  1498 | D:2      | Reached XP level 3. HP: 19/24 MP: 4/8
  1616 | D:2      | Learned a level 3 spell: Call Canine Familiar
  2147 | D:3      | Noticed a water moccasin
  2149 | D:3      | Reached skill level 4 in Summonings
  2367 | D:3      | Identified the +5 ring mail "Geptosu" {rPois rF+ Str+3}
  2424 | D:3      | HP: 1/24 [water moccasin (9)]
  2425 | D:3      | Slain by a water moccasin

Vanquished Creatures
  2 bats
  An endoplasm (D:1)
  A giant cockroach (D:2)
  3 hobgoblins
  2 jackals (D:2)
  2 quokkas
  A goblin (D:2)
  A kobold (D:1)
  3 rats
16 creatures vanquished.

Vanquished Creatures (collateral kills)
  An adder (D:2)
  A dart slug (D:3)
  2 ribbon worms (D:2)
  A bat (D:2)
  4 endoplasms
  4 goblins
  2 hobgoblins (D:1)
  2 jackals (D:2)
  A kobold (D:1)
  A ball python (D:1)
  2 frilled lizards
  4 rats
25 creatures vanquished.

Grand Total: 41 creatures vanquished

Table legend: (Time is in decaauts)
 A = Elapsed time spent in this place.
 B = Non-inter-level travel time spent in this place.
 C = Inter-level travel time spent in this place.
 D = Time resting spent in this place.
 E = Time spent auto-exploring this place.
 F = Levels seen in this place.
 G = Mean time per level.
                   A        B        C        D        E       F      G
               +--------+--------+--------+--------+--------+-----+--------+
         Total |   2440 |   2334 |    106 |     53 |   1773 |   3 |  813.3 |
       Dungeon |   2440 |   2334 |    106 |     53 |   1773 |   3 |  813.3 |
               +--------+--------+--------+--------+--------+-----+--------+

Top non-repeatable levels by time:
     D:2: 1225 daAuts
     D:1: 957 daAuts
     D:3: 258 daAuts

Table legend:
 A = Non-vault XP
 B = Vault XP
 C = Vault XP percentage of total XP
 D = Non-vault monster count
 E = Vault monster count
 F = Vault count percentage of total count
                 A         B        C        D         E       F
            +---------+---------+-------+---------+---------+-------
      Total |      86 |       0 |   0.0 |      41 |       0 |   0.0
            +---------+---------+-------+---------+---------+-------
        D:1 |      17 |       0 |   0.0 |      11 |       0 |   0.0
        D:2 |      54 |       0 |   0.0 |      22 |       0 |   0.0
        D:3 |      15 |       0 |   0.0 |       8 |       0 |   0.0
            +---------+---------+-------+---------+---------+-------
